 Dungeon Crawl Stone Soup version 0.19-a0-627-g7ac35de (webtiles) character file.

1177 Etesian the Chopper (level 8, 70/70 HPs)
             Began as a Hill Orc Fighter on June 13, 2016.
             Was a Priest of Makhleb.
             Quit the game on level 5 of the Dungeon.
             The game lasted 00:10:50 (4613 turns).

Etesian the Chopper (Hill Orc Fighter)              Turns: 4613, Time: 00:10:51

Health: 70/70      AC: 10    Str: 19    XL:     8   Next: 41%
Magic:  10/10      EV:  7    Int:  8    God:    Makhleb [***...]
Gold:   291        SH: 12    Dex: 12    Spells: 1 memorised, 4 levels left

rFire  . . .     SeeInvis .     a - +1 war axe
rCold  . . .     Gourm    .     b - +0 scale mail
rNeg   . . .     Faith    .     q - +2 shield
rPois  .         Spirit   .     p - +0 helmet
rElec  .         Dismiss  .     h - +0 cloak
rCorr  +         Reflect  .     (no gloves)
SustAt .         Harm     .     (no boots)
MR     .....     Clarity  +     (no amulet)
Stlth  .......... Rnd*Tele +    c - ring of resist corrosion
                                k - ring of flight

@: not resistant to hostile enchantments, extremely unstealthy
A: clarity, low mp 1, mutation resistance 1, teleportitis 1
a: Minor Destruction, Lesser Servant of Makhleb, Renounce Religion, Evoke Flight


You were on level 5 of the Dungeon.
You worshipped Makhleb.
Makhleb was most pleased with you.
You were not hungry.

You visited 2 branches of the dungeon, and saw 6 of its levels.

You collected 291 gold pieces.

Inventory:

Hand Weapons
 a - a +1 war axe (weapon)
 x - a +1 flail of crushing
Missiles
 n - 68 bolts
 o - 5 javelins (quivered)
Armour
 b - a +0 scale mail (worn)
 h - a +0 cloak (worn)
 p - a +0 helmet (worn)
 q - a +2 shield (worn)
Jewellery
 c - a ring of resist corrosion (right hand)
 k - a ring of flight (left hand)
 y - an uncursed amulet of magic regeneration {unknown}
Wands
 i - a wand of iceblast (6/15)
 r - a wand of digging (6/24)
 t - a wand of acid (9/15)
 v - a wand of flame (27/48)
Scrolls
 s - a scroll of teleportation
 u - 5 scrolls of identify
Potions
 d - 2 potions of might
 e - 2 potions of heal wounds
 g - 3 potions of flight
 j - 2 potions of curing
 m - 2 potions of magic
 w - a potion of ambrosia
Comestibles
 f - 2 bread rations
 l - a chunk of flesh
 A - a meat ration


   Skills:
 + Level 6.1 Fighting
 * Level 7.7 Axes
 + Level 5.5 Armour
 + Level 5.3 Shields
 + Level 4.9 Invocations


You had 4 spell levels left.
You knew the following spells:

 Your Spells              Type           Power        Failure   Level  Hunger
c - Regeneration          Chrm/Necr      #.........   100%        3    ####...


Dungeon Overview and Level Annotations

Branches:
Dungeon (5/15)             Temple (1/1) D:4

Altars:
Ashenzari
Cheibriados
Dithmenos
Elyvilon
Fedhas
Kikubaaqudgha
Makhleb
Nemelex Xobeh
Pakellas
Qazlal
Ru
Sif Muna
Uskayaw
Vehumet
Xom
Yredelemnul
Zin


Innate Abilities, Weirdness & Mutations

You possess an exceptional clarity of mind.
Your magical capacity is low. (-10% MP)
You are somewhat resistant to further mutation.
You are occasionally teleported next to monsters.


Message History

You feel sick.
You continue eating.
Eat which item? (? for menu, Esc to quit)
This meat tastes really weird.
You feel weirdly uncertain.
Eat which item? (? for menu, Esc to quit)
This meat tastes really weird.
You feel genetically stable.
Eat which item? (? for menu, Esc to quit)
This meat tastes really weird.
You feel less energetic.
You feel sick.
You are no longer poisoned.
You take 1 damage, and have 68/70 hp.
You now have 10/10 mp.
Eat which item? (? for menu, Esc to quit)
This meat tastes really weird.
You feel odd for a moment.
Found a scale mail.
Health restored: 70 Are you sure you want to abandon this character and quit the game? (Confirm with "yes".)

##.#...###.#
#..........#
#..........#
#..........#
##.#...###.#
###
#.........#
.#...
###...#####
......#####.##
[......@....#
.......######
.......
#.....# ##...#
####


There were no monsters in sight!

Vanquished Creatures
  The ghost of Etesian the Chopper, a novice HOFi of Yredelemnul (D:5)
  Edmund (D:4)
  A sky beast (D:5)
  A centaur (D:5)
  A scorpion (D:5)
  2 crimson imps (D:5)
  A centaur skeleton (D:4)
  Crazy Yiuf (D:4)
  A hound (D:4)
  An iguana (D:4)
  Natasha (D:4)
  3 worker ants
  Robin (D:2)
  10 adders
  4 gnolls
  2 oozes
  2 worms
  3 dart slugs
  2 giant geckos
  6 orcs
  8 bats
  2 giant cockroaches
  16 goblins
  14 hobgoblins
  11 kobolds
  3 quokkas
  2 ball pythons (D:5)
  2 giant newts
  11 rats
114 creatures vanquished.

Notes
Turn   | Place    | Note
--------------------------------------------------------------
     0 | D:1      | Etesian the Hill Orc Fighter began the quest for the Orb.
     0 | D:1      | Reached XP level 1. HP: 19/19 MP: 1/1
    70 | D:1      | Reached XP level 2. HP: 27/27 MP: 2/2
   520 | D:1      | Reached skill level 3 in Axes
   741 | D:2      | Found a burning altar of Makhleb.
   749 | D:2      | Became a worshipper of Makhleb the Destroyer
   828 | D:2      | Reached XP level 3. HP: 33/33 MP: 3/3
   932 | D:2      | Reached skill level 1 in Invocations
  1252 | D:2      | Found a radiant altar of Vehumet.
  1252 | D:2      | Found a basalt altar of Yredelemnul.
  1261 | D:2      | Reached XP level 4. HP: 30/40 MP: 5/5
  1263 | D:2      | Noticed Robin
  1266 | D:2      | Reached * piety under Makhleb
  1283 | D:2      | Killed Robin
  1331 | D:2      | Reached skill level 4 in Axes
  1994 | D:2      | Reached XP level 5. HP: 33/47 MP: 6/6
  2366 | D:3      | Found a faded altar of an unknown god.
  2508 | D:3      | Reached ** piety under Makhleb
  2737 | D:3      | Found a white marble altar of Elyvilon.
  2737 | D:3      | Found a burning altar of Makhleb.
  3129 | D:4      | Found a shattered altar of Ashenzari.
  3220 | D:4      | Noticed Crazy Yiuf
  3232 | D:4      | Killed Crazy Yiuf
  3232 | D:4      | Reached skill level 5 in Axes
  3232 | D:4      | Reached XP level 6. HP: 33/55 MP: 6/8
  3282 | D:4      | Noticed Edmund
  3296 | D:4      | Killed Edmund
  3296 | D:4      | Reached skill level 5 in Fighting
  3536 | D:4      | Got an ichor-stained leather armour
  3547 | D:4      | Identified the cursed +0 leather armour of Plog {rElec Int+3} (You found it on level 4 of the Dungeon)
  3588 | D:4      | Reached XP level 7. HP: 60/61 MP: 9/9
  3620 | D:4      | Noticed Natasha
  3624 | D:4      | Killed Natasha
  3624 | D:4      | Reached skill level 6 in Axes
  3659 | D:4      | Learned a level 3 spell: Regeneration
  3836 | D:4      | Found a staircase to the Ecumenical Temple.
  3845 | Temple   | Entered the Ecumenical Temple
  3966 | D:5      | Entered Level 5 of the Dungeon
  4254 | D:5      | Noticed Etesian's ghost (novice HOFi)
  4272 | D:5      | Killed Etesian's ghost
  4272 | D:5      | Reached skill level 7 in Axes
  4272 | D:5      | Reached skill level 5 in Armour
  4272 | D:5      | Reached skill level 5 in Shields
  4272 | D:5      | Reached XP level 8. HP: 49/70 MP: 9/11
  4355 | D:5      | Reached *** piety under Makhleb
  4551 | D:5      | Gained mutation: Potions and wands are less effective at restoring your health. [mutagenic meat]
  4552 | D:5      | Lost mutation: Potions and wands are less effective at restoring your health. [potion of cure mutation]
  4588 | D:5      | Gained mutation: You possess an exceptional clarity of mind. [mutagenic meat]
  4592 | D:5      | Gained mutation: You are occasionally teleported next to monsters. [mutagenic meat]
  4593 | D:5      | Gained mutation: You are somewhat resistant to further mutation. [mutagenic meat]
  4594 | D:5      | Gained mutation: Your magical capacity is low. (-10% MP) [mutagenic meat]
  4613 | D:5      | Quit the game

Vault maps used:
D:1:      minmay_arrival_up_and_down, minmay_distorted
D:2:      gammafunk_temple_overflow_wave, nrook_loot_triangle, bloody_makhleb,
          uniq_robin
D:3:      amethyst_overflow_temple_binary, ecumenical_altar_2, first_bread
D:4:      old_standard_altar, temple_hall, corner_web_ring, uniq_natasha,
          uniq_edmund, uniq_crazy_yiuf_cottage
D:5:      kennysheep_little_box, minmay_crystal_room
Temple:   circular_temple_12

Skill      XL: |  1  2  3  4  5  6  7  8 |
---------------+-------------------------+-----
Axes           | 3 4 5 7 |  7.7
Fighting       | 4 5 6 |  6.1
Invocations    | 1 2 3 4 |  4.9
Armour         | 4 5 |  5.5
Shields        | 4 5 |  5.3

Action                   |  1- 3 |  4- 6 |  7- 9 || total
-------------------------+-------+-------+-------++-------
Melee: War axe           |   155 |   179 |   101 ||   435
  Use: Scroll            |     6 |     8 |     2 ||    16
       Potion            |       |       |     2 ||     2
  Eat: Chunk             |     2 |     7 |    10 ||    19
Armor: Scale mail        |    85 |    81 |    40 ||   206
Dodge: Dodged            |    55 |    46 |    20 ||   121
Block: Shield            |    88 |   111 |    46 ||   245
